 Dungeon Sprint DCSS version 0.16-a0-1183-g5b05a17 (webtiles) character file.

358 Ololoev the Thrower (level 6, -1/68 HPs)
             Began as an Ogre Hunter on Oct 10, 2014.
             Was an Initiate of Trog.
             Slain by Sonja
             ... wielding a +0 short sword of distortion
              (3 damage)
             ... in the Dungeon (Sprint I: "Red Sonja").
             The game lasted 00:03:19 (671 turns).

Ololoev the Thrower (Ogre Hunter)                    Turns: 671, Time: 00:03:21

Health: -1/68      AC:  3    Str: 18    XL:     6   Next: 64%
Magic:  6/6        EV: 10    Int:  8    God:    Trog [......]
Gold:   78         SH:  0    Dex: 15    Spells: 0 memorised, 5 levels left

rFire  . . .     SeeInvis +     a - +1 club
rCold  . . .     Clarity  .     d - +0 animal skin
rNeg   . . .     SustAb   .     (shield restricted)
rPois  .         Gourm    .     (helmet restricted)
rElec  .         Spirit   .     (no cloak)
rCorr  .         Warding  .     (gloves unavailable)
rMut   .         NoTele   +     (boots unavailable)
MR     .....                    (no amulet)
Stlth  ++........               l - ring of see invisible
                                c - cursed ring "Psouhoeh" {Dex+3 Int-2}

@: slowed, very slow, not resistant to hostile enchantments, unstealthy
A: unfitting armour, tough skin 1
a: Burn Spellbooks, Renounce Religion


You were in the Dungeon.
You worshipped Trog.
Trog was noncommittal.
You were not hungry.

You visited 1 branch You collected 326 gold pieces.
You spent 248 gold pieces at shops.

Inventory:

Hand weapons
 a - a +1 club (weapon)
Armour
 d - a +0 animal skin (worn)
Comestibles
 f - a meat ration
Scrolls
 k - a scroll of blinking
Jewellery
 c - the cursed ring "Psouhoeh" (left hand) {Dex+3 Int-2}
   (You bought it in a shop in the Dungeon)

   [ring of intelligence]

   It affects your intelligence (-2).
   It affects your dexterity (+3).
   It has a curse placed upon it.
 l - a ring of see invisible (right hand)
Potions
 e - a potion of curing
 g - a potion of heal wounds
 h - a potion of haste
 i - 2 potions of magic
 j - a potion of berserk rage


   Skills:
 + Level 6.8 Fighting
 * Level 9.5 Maces & Flails
 - Level 12.0 Throwing
 - Level 1.7 Dodging
 - Level 0.7 Stealth


You had 5 spell levels left.
You didn't know any spells.

Dungeon Overview and Level Annotations

Branches:
Dungeon (1/1)

Altars:
Elyvilon
Gozag
Kikubaaqudgha
Makhleb
Nemelex Xobeh
Okawaru
Qazlal
Sif Muna
Trog
Vehumet
Xom
Yredelemnul
Zin
The Shining One

Shops:
D =

Annotations:
D Sonja


Innate Abilities, Weirdness & Mutations

You are too large for most types of armour.
You have tough skin (AC +1).


Message History

Space bends around you.
* * * LOW HITPOINT WARNING * * *
You hit Sonja.
Sonja is lightly wounded.
Sonja zaps a wand.
You feel as though you will be slow longer.
Sonja zaps a wand.
You easily resist.
You miss Sonja.
Sonja is lightly wounded.
Sonja zaps a wand.
You easily resist.
Sonja zaps a wand.
You easily resist.
You hit Sonja.
Sonja is moderately wounded.
Sonja zaps a wand.
You easily resist.
You completely miss Sonja.
Sonja is moderately wounded.
Sonja hits you with a short sword of distortion.
* * * LOW HITPOINT WARNING * * *
You feel a strange sense of stasis. Sonja hits you but does no damage.
Space bends around you.
You die...

################
#<.#..').#..'..#
#..)..#..').#..+
#..#####'#####'#
#..####..#...#.#
#..#__####..##.#
#..#_..._##'#.(+
#⌠⌠#_.∩...'..K_#
####_..._##_@#'#
#_____###'#.#
####### #.###
$.$ $.$ ##(##
#+#


You could see Sonja.

Vanquished Creatures
  A yak (D)
  An ogre (D)
  Sigmund (D)
  A jelly (D)
  Ijyb (D)
5 creatures vanquished.

Vanquished Creatures (others)
  A gargoyle (D)
1 creature vanquished.

Grand Total: 6 creatures vanquished

Notes
Turn   | Place    | Note
--------------------------------------------------------------
     0 | D        | Ololoev, the Ogre Hunter, began the quest for the Orb.
     0 | D        | Reached XP level 1. HP: 22/22 MP: 1/1
     1 | D        | Noticed Ijyb
     8 | D        | Killed Ijyb
     8 | D        | Reached skill level 6 in Throwing
     8 | D        | Reached XP level 2. HP: 21/31 MP: 2/2
   108 | D        | Noticed an ogre
   109 | D        | Killed an ogre
   109 | D        | Reached skill level 10 in Throwing
   109 | D        | Reached XP level 3. HP: 37/37 MP: 3/3
   109 | D        | Reached XP level 4. HP: 45/45 MP: 4/4
   114 | D        | Noticed Sigmund
   130 | D        | Killed Sigmund
   130 | D        | Reached skill level 5 in Maces & Flails
   130 | D        | Reached skill level 11 in Throwing
   130 | D        | Reached XP level 5. HP: 20/54 MP: 5/5
   338 | D        | Killed a gargoyle
   343 | D        | Found a deep blue altar of Sif Muna.
   344 | D        | Noticed a jelly
   345 | D        | Found a radiant altar of Vehumet.
   351 | D        | Killed a jelly
   351 | D        | Reached skill level 12 in Throwing
   526 | D        | Found Seil's Jewellery Emporium.
   526 | D        | Found a white marble altar of Elyvilon.
   526 | D        | Found a stormy altar of Qazlal.
   526 | D        | Found a burning altar of Makhleb.
   526 | D        | Found a basalt altar of Yredelemnul.
   526 | D        | Found a glowing golden altar of the Shining One.
   526 | D        | Found a sparkling altar of Nemelex Xobeh.
   526 | D        | Found a shimmering altar of Xom.
   526 | D        | Found an opulent altar of Gozag.
   526 | D        | Found an ancient bone altar of Kikubaaqudgha.
   526 | D        | Found a glowing silver altar of Zin.
   526 | D        | Noticed a yak
   530 | D        | Killed a yak
   530 | D        | Reached XP level 6. HP: 39/68 MP: 6/6
   531 | D        | Found an iron altar of Okawaru.
   533 | D        | Found a bloodstained altar of Trog.
   543 | D        | Bought the cursed ring "Psouhoeh" {Dex+3 Int-2} for 98 gold pieces
   543 | D        | Bought an uncursed ring of see invisible for 150 gold pieces
   656 | D        | Became a worshipper of Trog the Wrathful
   663 | D        | Noticed Sonja
   671 | D        | HP: 2/68 [Sonja/short sword of distortion (4)]
   671 | D        | Slain by Sonja

Action                   |  1- 3 |  4- 6 || total
-------------------------+-------+-------++-------
Melee: Club              |     1 |     5 ||     6
Throw: Large rock        |     6 |    19 ||    25
       Throwing net      |     1 |     3 ||     4
